 Dungeon Crawl Stone Soup version 0.24.0-13-gcf9b3192b9 (console) character file.

Game seed: 11046829851229031486, levelgen mode: deterministic

214 AlterAsc the Changer (level 5, -1/26 HPs)
             Began as a Vine Stalker Transmuter on Nov 10, 2019.
             Slain by Grinder (10 damage)
             ... while paralysed by Grinder
             ... on level 3 of the Dungeon.
             The game lasted 00:07:20 (2186 turns).

AlterAsc the Changer (Vine Stalker Transmuter)      Turns: 2186, Time: 00:07:20

Health: -1/26      AC:  2    Str: 14    XL:     5   Next: 91%
Magic:  0/10       EV:  2    Int: 13    God:
Gold:   97         SH:  0    Dex: 14    Spells: 2/10 levels left

rFire    . . .     SeeInvis .     - Unarmed
rCold    . . .     Gourm    .   (shield currently unavailable)
rNeg     . . .     Faith    .   b - +0 robe
rPois    .         Spirit   +   (no helmet)
rElec    .         Reflect  .   (no cloak)
rCorr    .         Harm     .   (gloves currently unavailable)
MR       .....                  (no boots)
Stlth    +.........             j - amulet of rage
HPRegen  0.48/turn              g - ring of wizardry
MPRegen  0.12/turn              (no ring)

@: paralysed, blade hands
A: fangs 2, regeneration 1, magic shield, antimagic bite, no potion heal 3, rot
immunity
a: End Transformation, Evoke Berserk Rage


You were on level 3 of the Dungeon.
You were not hungry.
You had blades for hands.
You visited 1 branch of the dungeon, and saw 3 of its levels.

You collected 97 gold pieces.

Inventory:

Missiles
 a - 64 arrows
 k - 20 poisoned darts (quivered)
Armour
 b - a +0 robe (worn)
 n - a cursed +0 ring mail
Jewellery
 c - an uncursed amulet of guardian spirit
 g - a ring of wizardry (left scythe-like blade)
 j - an amulet of rage (around neck)
Scrolls
 e - a scroll of fear {unknown}
 f - 2 scrolls of remove curse {unknown}
 m - a scroll of blinking {unknown}
 o - 2 scrolls of teleportation {unknown}
 p - a scroll of enchant weapon {unknown}
 s - a scroll of noise {unknown}
Potions
 h - a potion of degeneration {unknown}
 i - a potion of mutation {unknown}
 l - 2 potions of magic {unknown}
 r - a potion of berserk rage {unknown}
Comestibles
 d - 4 rations
 q - 2 chunks of flesh


   Skills:
 + Level 2.3 Fighting
 - Level 1.7 Dodging
 + Level 3.8 Unarmed Combat
 + Level 3.2 Spellcasting
 * Level 3.9 Transmutations


You had 2 spell levels left.
You knew the following spells:

 Your Spells              Type           Power        Failure   Level  Hunger
a - Beastly Appendage     Tmut           ##....       12%         1    #......
b - Sticks to Snakes      Tmut           ##......     16%         2    ##.....
c - Blade Hands           Tmut           ##........   75%         5    ######.

Your spell library contained the following spells:

 Spells                   Type           Power        Failure   Level  Hunger
 Spider Form              Tmut/Pois      #.........   38%         3    ###....
 Ice Form                 Ice/Tmut       #.......     69%         4    #####..


Dungeon Overview and Level Annotations

Branches:
Dungeon (3/15)

Altars:
Elyvilon

Annotations:
D:3 Grinder, Ijyb


Innate Abilities, Weirdness & Mutations

You have extremely sharp teeth.
Your natural rate of healing is unusually fast.
When hurt, damage is shared between your health and your magic reserves.
Your bite disrupts and absorbs the magic of your enemies.
Potions cannot restore your health.
You are immune to rotting.


Message History

k - 19 poisoned darts (gained 1)
k - 20 poisoned darts (gained 1) Grinder shouts!
You hear a shout!
Grinder gestures at you. Pain shoots through your body!
Okay, then.
Casting: Beastly Appendage (safe; 1% risk of failure)
Confirm with . or Enter, or press ? or * to list all spells.
The spell is very dangerous to cast (43% risk of failure)!
Continue anyway?
Your hands turn into razor-sharp scythe blades.
Grinder hits you!
You slash Grinder! You slash Grinder.
Grinder is heavily wounded.
Grinder gestures at you.
You suddenly lose the ability to move!
Grinder gestures at you. Pain shoots through your body!
Ijyb the Twisted Goblin comes into view.
She is carrying a wand of paralysis (10).
Grinder hits you!
You die...

##......#......# ##...#
##..............## ###..
#................# #..
#................# #..
#................# ###
#................# #..
#................# ##.#
#................# ###..#
##......@5......####...##
##.....##g.<..##....####
########..####..#### #
.## #.# # .. ... ## . ...
##. ..... #.. .... #..
.... #..


You could see Grinder and Ijyb.

Vanquished Creatures
  An orc priest (D:3)
  An orc wizard (D:2)
  4 gnolls
  7 adders
  A worm (D:2)
  3 dart slugs
  A leopard gecko (D:1)
  3 orcs
  A ball python (D:2)
  8 bats
  A giant cockroach (D:1)
  5 hobgoblins
  4 kobolds
  2 quokkas
  A frilled lizard (D:1)
  7 goblins
  2 rats
52 creatures vanquished.

Notes
Turn   | Place    | Note
-------+----------+-------------------------------------------
     0 | D:1      | AlterAsc the Vine Stalker Transmuter began the quest for
                  | the Orb.
     0 | D:1      | Reached XP level 1. HP: 9/9 MP: 4/4
    64 | D:1      | Reached skill level 1 in Fighting
   110 | D:1      | Reached XP level 2. HP: 11/14 MP: 4/6
   754 | D:2      | Learned a level 2 spell: Sticks to Snakes
   789 | D:2      | Reached XP level 3. HP: 18/18 MP: 5/7
   828 | D:2      | Found a white marble altar of Elyvilon.
  1331 | D:2      | Gained mutation: Your natural rate of healing is unusually
                  | fast. [Vine Stalker growth]
  1331 | D:2      | Reached XP level 4. HP: 17/22 MP: 6/9
  1531 | D:3      | Noticed Grinder
  1836 | D:2      | Reached XP level 5. HP: 18/26 MP: 6/10
  1848 | D:2      | Learned a level 5 spell: Blade Hands
  2184 | D:3      | Paralysed by Grinder for 2 turns
  2185 | D:3      | Noticed Ijyb
  2186 | D:3      | Slain by Grinder

Levels and vault maps discovered:
D:1:      dpeg_arrival_windows_large_door, layout_rooms, minivault_23,
          minmay_strange_pillars
D:2:      layout_basic, elyvilon_altar_4
D:3:      layout_rooms, uniq_ijyb, uniq_grinder

Skill      XL: |  1  2  3  4 |
---------------+-------------+-----
Fighting       | 1 2 |  2.3
Transmutations | 3 |  3.9
Spellcasting   | 3 |  3.2
Dodging        | |  1.7
Unarmed Combat | |  3.8

Action                   |  1- 3 |  4- 6 || total
-------------------------+-------+-------++-------
Melee: Unarmed           |    71 |    81 ||   152
       Bite              |    19 |    13 ||    32
       Kick              |     1 |    14 ||    15
       Punch             |     1 |     1 ||     2
       Headbutt          |     2 |     2 ||     4
Throw: Dart              |    16 |    27 ||    43
 Cast: Beastly Appendage |    17 |    13 ||    30
       Blade Hands       |       |     1 ||     1
  Eat: Chunk             |     2 |     3 ||     5
Armor: Robe              |    18 |    13 ||    31
Dodge: Dodged            |    55 |    58 ||   113
